AoeStats
← _LX_

MegaRandom

509129373Analyzed
3v3 RM · 6d ago on Sep 25, 2026· 21m 33s· 6 players
Game mode
Random Map
Map size
Normal (6 player)
Population
200
Speed
Normal
Resources
Standard
Victory
Conquest
Starting age
Dark Age
Ending age
Imperial Age
RankedLock teamsTeams togetherTeam positionsShared explorationLock speedFull tech treeHidden civsTurbo modeCheats
Victory
Defeat
🇪🇸 Varangians · Spain
1620
+8
🇵🇪 Danes · Peru
1522
+12
🇪🇸 Slavs · Spain
1502
+14
🇨🇳 Maya · China
1452
-12
🇨🇳 Varangians · China
1428
-11
🇨🇳 Khmer · China
1423
-11
抹茶gap人
0:32 Loom
9:42 Feudal Age
12:20 Double-Bit Axe
13:57 Fletching
17:40 Castle Age
16:27 Horse Collar
18:59 Wheelbarrow
18:20 Bodkin Arrow
17:49 Crossbowman
18:42 Padded Archer Armor
19:49 Wheelbarrow
小鸡
1:25 Loom
11:52 Feudal Age
15:40 Castle Age
13:49 Scale Mail Armor
13:57 Scale Barding Armor
15:05 Double-Bit Axe
15:45 Forging
16:53 Bow Saw
17:22 Chain Barding Armor
20:06 Bloodlines
21:24 Husbandry
_LX_
7:52 Loom
11:14 Feudal Age
13:57 Castle Age
13:45 Wheelbarrow
13:05 Double-Bit Axe
14:04 Wheelbarrow
13:27 Horse Collar
14:02 Bloodlines
13:58 Scale Barding Armor
14:46 Forging
14:53 Husbandry
16:05 Light Cavalry
pau795
1:22 Loom
10:53 Feudal Age
11:32 Double-Bit Axe
14:28 Castle Age
12:23 Horse Collar
13:37 Bloodlines
13:33 Scale Barding Armor
14:26 Forging
14:33 Gold Mining
15:12 Husbandry
19:54 Wheelbarrow
19:46 Chain Barding Armor
k0nK1_TG
1:25 Loom
10:08 Feudal Age
11:19 Double-Bit Axe
14:16 Castle Age
13:02 Horse Collar
13:33 Stone Mining
13:34 Gold Mining
15:13 Wheelbarrow
16:05 Scale Barding Armor
17:50 Forging
19:57 Bow Saw
DYN_BenderGC
12:03 Feudal Age
10:23 Loom
13:01 Double-Bit Axe
15:57 Castle Age
14:27 Gold Mining
15:31 Wheelbarrow
14:51 Fletching
15:01 Padded Archer Armor
16:27 Fishing Lines
17:19 Bow Saw
17:15 Bodkin Arrow
17:36 Leather Archer Armor
18:18 Elite Skirmisher
Connection lost

Rejoining the realm…

Still unreachable

The connection could not be restored.

Session expired

The server has moved on; the page needs a fresh start.